 Dungeon Crawl Stone Soup version 0.23.2 (webtiles) character file.

Game seed: 12029534618269853086

11928 cklessthan3 the Blocker (level 11, -1/89 HPs)
             Began as a Gnoll Fighter on Apr 9, 2019.
             Was a Believer of the Shining One.
             Succumbed to Sonja's poison
             ... on level 10 of the Dungeon.
             The game lasted 00:24:38 (8807 turns).

cklessthan3 the Blocker (Gnoll Fighter)             Turns: 8807, Time: 00:24:38

Health: -1/89      AC: 17    Str: 18 (21) XL:     11   Next: 85%
Magic:  20/20      EV: 14    Int: 10 (11) God:    the Shining One [**....]
Gold:   388        SH:  0    Dex: 18 (20) Spells: 23/23 levels left

rFire    . . .     SeeInvis .   L - +4 bardiche (distort)
rCold    . . .     Gourm    .   (shield currently unavailable)
rNeg     + . .     Faith    .   C - +2 plate armour
rPois    .         Spirit   +   (no helmet)
rElec    .         Reflect  .   (no cloak)
rCorr    .         Harm     .   (no gloves)
MR       .....                  t - +0 pair of boots
Stlth    ..........             n - amulet of guardian spirit
HPRegen  0.24/turn              (no ring)
MPRegen  0.17/turn              (no ring)

@: agile, lethally poisoned (-1 -> -31), berserk cooldown, slowed, glowing, very
slow
A: distributed training, fangs 1, strong nose
a: Divine Shield, Renounce Religion


You were on level 10 of the Dungeon.
You worshipped the Shining One.
The Shining One was pleased with you.
You were not hungry.

You visited 1 branch of the dungeon, and saw 10 of its levels.

You collected 661 gold pieces.
You spent 273 gold pieces at shops.

Inventory:

Hand Weapons
 b - the cursed +2 quarterstaff of Irritation {pain, MR+ Dex+4 Stlth+}
   (You found it on level 8 of the Dungeon)

   In the hands of one skilled in necromantic magic, it inflicts extra damage on
   living creatures.
   It affects your dexterity (+4).
   It affects your resistance to hostile enchantments.
   It makes you more stealthy.
   It has a curse placed upon it.
   The Shining One disapproves of the use of such an item.
 g - a +0 blowgun
 j - a +2 dire flail of protection
 w - a +4 trident of piercing
 y - a +3 shortbow
 L - a +4 bardiche of distortion (weapon)
Missiles
 l - 10 poisoned needles
 s - 15 tomahawks (quivered)
 z - 69 sling bullets
Armour
 t - a +0 pair of boots (worn)
 C - a +2 plate armour (worn)
 M - a +1 scale mail of magic resistance
 N - a +1 shield of poison resistance
 Q - the +0 leather armour of Anarchy {rF+ MP+9 Dex+4}
   (You found it on level 10 of the Dungeon)

   It affects your dexterity (+4).
   It protects you from fire.
   It affects your magic capacity (+9).
Magical Staves
 E - an uncursed staff of power {unknown}
 J - an uncursed staff of summoning
 K - an uncursed staff of poison {unknown}
Jewellery
 d - the ring of the Queen {rElec EV+2}
   (You took it off a centaur on level 8 of the Dungeon)

   [ring of evasion]

   It affects your evasion (+2).
   It insulates you from electricity.
 m - an uncursed amulet of harm
 n - an amulet of guardian spirit (around neck)
 o - an uncursed ring of wizardry
 B - an uncursed amulet of rage
Wands
 x - a wand of iceblast (8)
 H - a wand of acid (13)
 I - a wand of flame (19)
Scrolls
 a - a scroll of remove curse {unknown}
 e - 8 scrolls of teleportation
 O - a scroll of fog
 R - a scroll of identify
 S - a scroll of blinking
 T - a scroll of fear
 U - a scroll of magic mapping
Potions
 c - a potion of might
 h - a potion of resistance
 i - a potion of invisibility
 p - 2 potions of mutation
 u - a potion of magic
 v - a potion of ambrosia
 F - 4 potions of brilliance
 G - a potion of flight {unknown}
 P - a potion of cancellation {unknown}
Miscellaneous
 r - a phial of floods
Comestibles
 f - 7 rations


   Skills:
 + Level 9.3 Fighting
 + Level 6.5 Short Blades
 + Level 6.5 Long Blades
 + Level 6.5 Axes
 + Level 6.5 Maces & Flails
 + Level 8.1 Polearms
 + Level 6.5 Staves
 + Level 6.5 Slings
 + Level 6.5 Bows
 + Level 6.5 Crossbows
 + Level 6.5 Throwing
 + Level 9.3 Armour
 + Level 6.5 Dodging
 + Level 6.5 Stealth
 + Level 9.3 Shields
 + Level 6.5 Unarmed Combat
 + Level 6.5 Spellcasting
 + Level 5.4 Conjurations
 + Level 5.4 Hexes
 + Level 5.4 Charms
 + Level 5.4 Summonings
 + Level 5.4 Necromancy
 + Level 5.4 Translocations
 + Level 5.4 Transmutations
 + Level 5.4 Fire Magic
 + Level 5.4 Ice Magic
 + Level 5.4 Air Magic
 + Level 5.4 Earth Magic
 + Level 5.4 Poison Magic
 + Level 7.2 Invocations
 + Level 6.5 Evocations


You had 23 spell levels left.
You didn't know any spells.
Your spell library contained the following spells:

 Spells                   Type           Power        Failure   Level  Hunger
 Confusing Touch          Hex            ##....       43%         1    None
 Sandblast                Erth           ##....       43%         1    None
 Summon Small Mammal      Summ           ##..         43%         1    None
 Call Imp                 Summ           ##......     58%         2    ##.....
 Passwall                 Tmut/Erth      ##......     58%         2    ##.....
 Poisonous Vapours        Pois/Air       ##....       58%         2    ##.....
 Call Canine Familiar     Summ           ##......     82%         3    ###....
 Confuse                  Hex            ##......     82%         3    ###....
 Conjure Flame            Conj/Fire      ##......     82%         3    ###....
 Gell's Gravitas          Tloc           ##........   82%         3    ###....
 Mephitic Cloud           Conj/Pois/Air  ##......     82%         3    ###....
 Stone Arrow              Conj/Erth      ##....       82%         3    ###....
 Summon Guardian Golem    Hex/Summ       ##......     82%         3    ###....
 Petrify                  Tmut/Erth      ##......     99%         4    ####...
 Summon Ice Beast         Ice/Summ       ##......     99%         4    ####...
 Summon Lightning Spire   Summ/Air       ##......     99%         4    ####...
 Lee's Rapid Deconstruct  Erth           ##........   100%        5    ######.
 Metabolic Englaciation   Hex/Ice        ##........   100%        5    ######.
 Yara's Violent Unravell  Hex/Tmut       ##........   100%        5    ######.
 Freezing Cloud           Conj/Ice/Air   ##........   100%        6    #######
 Ring of Flames           Chrm/Fire      ##........   100%        7    #######


Dungeon Overview and Level Annotations

Branches:
Dungeon (10/15)            Temple (0/1) D:7             Orc (0/2) D:9
   Lair: D:8-11

Altars:
Elyvilon
Fedhas
Gozag
Nemelex Xobeh
Okawaru
Qazlal
Ru
Sif Muna
Trog
Uskayaw
Wu Jian
Xom
Yredelemnul
The Shining One

Shops:
D:4 *   D:5 =   D:10 ?


Innate Abilities, Weirdness & Mutations

Your experience applies equally to all skills.
You have very sharp teeth.
Your uncanny sense of smell can sniff out nearby items.


Message History

* * * LOW HITPOINT WARNING * * *
You feel very sick.
It was a potion of ambrosia.
You are confused.
You feel invigorated.
* * * LOW HITPOINT WARNING * * *
You feel very sick.
It was a potion of magic.
Magic courses through your body.
* * * LOW HITPOINT WARNING * * *
You feel very sick.
It was a potion of degeneration.
There was something very wrong with that liquid.
You feel weakened.
You feel dopey.
You feel clumsy.
You feel less invigorated.
You feel less confused.
* * * LOW HITPOINT WARNING * * *
You feel very sick.
It was a potion of agility.
You feel agile all of a sudden.
You die...

. #. .....# #..##...
..##.. ##.....###.......
...... #.......##....[.#
......###........#..#.).#
.......##(.........##...#
.....))(...........####..
..K...............(.###.#
....##....(..........####
....#.(.@.∩.........##
.....>).....)..<.....##
.>...................#
###.............#....#
#.............#....###
#....#........#......#
#######......####..###
#...#...# #### #..###.##


There were no monsters in sight!

Vanquished Creatures
  3 two-headed ogres
  A tengu warrior (D:8)
  Sonja (D:10)
  Pikel (D:7)
  A cyclops (D:8)
  An ugly thing (D:8)
  Joseph (D:8)
  A troll (D:10)
  A shadow (D:8)
  Sigmund (D:6)
  A wyvern (D:8)
  A basilisk (D:10)
  9 yaks
  A hungry ghost (D:8)
  Duvessa (D:7)
  2 ice beasts
  3 sky beasts
  2 orc warriors
  A necrophage (D:9)
  2 slaves (D:7)
  A phantom (D:8)
  8 ogres
  5 centaurs
  2 big kobolds
  A crocodile (D:8)
  9 bullfrogs
  A wyvern zombie (D:6)
  Dowan (D:7)
  A water moccasin zombie (D:8)
  A killer bee (D:8)
  4 scorpions
  2 howler monkeys (D:7)
  3 crimson imps
  5 hounds
  2 jellies
  9 orc priests
  A bullfrog zombie (D:5)
  10 orc wizards
  A centaur skeleton (D:8)
  A bullfrog skeleton (D:4)
  2 iguanas
  A killer bee zombie (D:8)
  7 worker ants
  A howler monkey skeleton (D:4)
  11 adders
  A shadow imp (D:5)
  An ooze (D:1)
  An adder zombie (D:9)
  An adder skeleton (D:5)
  2 worms
  2 dart slugs
  9 leopard geckos
  58 orcs
  7 giant cockroaches
  8 goblins
  8 hobgoblins
  14 jackals
  15 kobolds
  6 quokkas
  2 ball pythons
  3 bats
  8 frilled lizards
  A jackal skeleton (D:4)
  A leopard gecko skeleton (D:4)
  2 quokka skeletons (D:8)
  8 rats
283 creatures vanquished.

Vanquished Creatures (collateral kills)
  A big kobold (D:8)
  An orc wizard (D:8)
2 creatures vanquished.

Vanquished Creatures (others)
  A gargoyle (D:8)
  An orc warrior (D:10)
2 creatures vanquished.

Grand Total: 287 creatures vanquished

Notes
Turn   | Place    | Note
-------+----------+-------------------------------------------
     0 | D:1      | cklessthan3 the Gnoll Fighter began the quest for the Orb.
     0 | D:1      | Reached XP level 1. HP: 23/23 MP: 1/1
   106 | D:1      | Reached XP level 2. HP: 27/29 MP: 2/2
   344 | D:1      | Reached XP level 3. HP: 35/35 MP: 3/3
   908 | D:2      | Noticed an ogre
   912 | D:2      | Reached skill level 1 in Invocations
   915 | D:2      | Killed an ogre
   915 | D:2      | Reached skill level 1 in Short Blades
   915 | D:2      | Reached skill level 1 in Long Blades
   915 | D:2      | Reached skill level 1 in Axes
   915 | D:2      | Reached skill level 1 in Maces & Flails
   915 | D:2      | Reached skill level 1 in Staves
   915 | D:2      | Reached skill level 1 in Slings
   915 | D:2      | Reached skill level 1 in Bows
   915 | D:2      | Reached skill level 1 in Crossbows
   915 | D:2      | Reached skill level 1 in Throwing
   915 | D:2      | Reached skill level 1 in Dodging
   915 | D:2      | Reached skill level 1 in Stealth
   915 | D:2      | Reached skill level 1 in Unarmed Combat
   915 | D:2      | Reached skill level 1 in Spellcasting
   915 | D:2      | Reached skill level 1 in Conjurations
   915 | D:2      | Reached skill level 1 in Hexes
   915 | D:2      | Reached skill level 1 in Charms
   915 | D:2      | Reached skill level 1 in Summonings
   915 | D:2      | Reached skill level 1 in Necromancy
   915 | D:2      | Reached skill level 1 in Translocations
   915 | D:2      | Reached skill level 1 in Transmutations
   915 | D:2      | Reached skill level 1 in Fire Magic
   915 | D:2      | Reached skill level 1 in Ice Magic
   915 | D:2      | Reached skill level 1 in Air Magic
   915 | D:2      | Reached skill level 1 in Earth Magic
   915 | D:2      | Reached skill level 1 in Poison Magic
   915 | D:2      | Reached skill level 1 in Evocations
   915 | D:2      | Reached XP level 4. HP: 34/41 MP: 3/5
   915 | D:2      | Reached XP level 5. HP: 39/47 MP: 3/6
  1679 | D:3      | Reached XP level 6. HP: 27/53 MP: 5/8
  1939 | D:3      | You fall through a shaft!
  2175 | D:3      | Reached skill level 5 in Polearms
  2411 | D:3      | Found a deep blue altar of Sif Muna.
  3074 | D:4      | Found Durreumn's General Store.
  3078 | D:4      | Bought a potion of heal wounds for 60 gold pieces
  3280 | D:4      | Reached XP level 7. HP: 41/59 MP: 6/10
  3632 | D:5      | Entered Level 5 of the Dungeon
  3669 | D:5      | Found Ymioh's Jewellery Shoppe.
  3701 | D:5      | Reached XP level 8. HP: 67/67 MP: 12/12
  3827 | D:5      | Found a hide-covered altar of Uskayaw.
  4144 | D:5      | Found a glowing golden altar of the Shining One.
  4145 | D:5      | Found a bloodstained altar of Trog.
  4152 | D:5      | Became a worshipper of the Shining One
  4157 | D:5      | Found an ornate altar of the Wu Jian Council.
  4288 | D:6      | Noticed a yak
  4288 | D:6      | Noticed a yak
  4288 | D:6      | Noticed a yak
  4293 | D:6      | Killed a yak
  4299 | D:6      | Killed a yak
  4312 | D:6      | Killed a yak
  4312 | D:6      | Reached XP level 9. HP: 72/73 MP: 14/14
  4358 | D:6      | Found a sacrificial altar of Ru.
  4358 | D:6      | Found an opulent altar of Gozag.
  4908 | D:6      | Noticed Sigmund
  4913 | D:6      | Killed Sigmund
  4955 | D:7      | Found a basalt altar of Yredelemnul.
  4997 | D:7      | Found an iron altar of Okawaru.
  5199 | D:7      | Noticed Duvessa
  5199 | D:7      | Noticed Dowan
  5211 | D:7      | Killed Duvessa
  5220 | D:7      | Killed Dowan
  5249 | D:7      | Found a sparkling altar of Nemelex Xobeh.
  5250 | D:7      | Noticed Pikel
  5288 | D:7      | Reached skill level 5 in Invocations
  5293 | D:7      | Killed Pikel
  5293 | D:7      | Reached XP level 10. HP: 52/80 MP: 14/17
  5604 | D:7      | Found a staircase to the Ecumenical Temple.
  5915 | D:8      | Reached skill level 5 in Short Blades
  5915 | D:8      | Reached skill level 5 in Long Blades
  5915 | D:8      | Reached skill level 5 in Axes
  5915 | D:8      | Reached skill level 5 in Maces & Flails
  5915 | D:8      | Reached skill level 5 in Staves
  5915 | D:8      | Reached skill level 5 in Slings
  5915 | D:8      | Reached skill level 5 in Bows
  5915 | D:8      | Reached skill level 5 in Crossbows
  5915 | D:8      | Reached skill level 5 in Throwing
  5915 | D:8      | Reached skill level 5 in Dodging
  5915 | D:8      | Reached skill level 5 in Stealth
  5915 | D:8      | Reached skill level 5 in Unarmed Combat
  5915 | D:8      | Reached skill level 5 in Spellcasting
  5915 | D:8      | Reached skill level 5 in Evocations
  6004 | D:8      | Reached * piety under the Shining One
  6027 | D:8      | Noticed a green ugly thing
  6056 | D:8      | Killed a green ugly thing
  6559 | D:8      | Identified the ring of the Queen {rElec EV+2}
  6562 | D:8      | Noticed a two-headed ogre
  6571 | D:8      | Killed a two-headed ogre
  6587 | D:8      | Noticed a tengu warrior
  6613 | D:8      | Killed a tengu warrior
  6613 | D:8      | Reached XP level 11. HP: 29/87 MP: 5/19
  6832 | D:8      | Noticed a cyclops
  6844 | D:8      | Killed a cyclops
  7298 | D:8      | Found a stormy altar of Qazlal.
  7337 | D:8      | Found a blossoming altar of Fedhas.
  7350 | D:8      | Got a translucent quarterstaff
  7479 | D:8      | Noticed Joseph
  7485 | D:8      | Killed Joseph
  7614 | D:8      | Noticed a two-headed ogre
  7618 | D:8      | Killed a two-headed ogre
  7618 | D:8      | Reached skill level 5 in Conjurations
  7618 | D:8      | Reached skill level 5 in Hexes
  7618 | D:8      | Reached skill level 5 in Charms
  7618 | D:8      | Reached skill level 5 in Summonings
  7618 | D:8      | Reached skill level 5 in Necromancy
  7618 | D:8      | Reached skill level 5 in Translocations
  7618 | D:8      | Reached skill level 5 in Transmutations
  7618 | D:8      | Reached skill level 5 in Fire Magic
  7618 | D:8      | Reached skill level 5 in Ice Magic
  7618 | D:8      | Reached skill level 5 in Air Magic
  7618 | D:8      | Reached skill level 5 in Earth Magic
  7618 | D:8      | Reached skill level 5 in Poison Magic
  7766 | D:9      | Reached ** piety under the Shining One
  7767 | D:9      | Found a shimmering altar of Xom.
  7956 | D:9      | Noticed a two-headed ogre
  8006 | D:9      | Killed a two-headed ogre
  8044 | D:9      | Found a white marble altar of Elyvilon.
  8253 | D:9      | Found a staircase to the Orcish Mines.
  8432 | D:10     | Entered Level 10 of the Dungeon
  8632 | D:10     | Got a heavily runed leather armour
  8633 | D:10     | Identified the cursed +2 quarterstaff of Irritation {pain,
                  | MR+ Dex+4 Stlth+} (You found it on level 8 of the Dungeon)
  8634 | D:10     | Identified the +0 leather armour of Anarchy {rF+ MP+9
                  | Dex+4} (You found it on level 10 of the Dungeon)
  8753 | D:10     | Found Ehuda's Magic Scroll Emporium.
  8763 | D:10     | Bought a scroll of identify for 26 gold pieces
  8763 | D:10     | Bought a scroll of blinking for 97 gold pieces
  8763 | D:10     | Bought a scroll of fear for 45 gold pieces
  8763 | D:10     | Bought a scroll of magic mapping for 45 gold pieces
  8764 | D:10     | Noticed Sonja
  8799 | D:10     | Killed Sonja
  8803 | D:10     | HP: 3/89 [poisoned by Sonja]
  8807 | D:10     | Succumbed to Sonja's poison

Skill      XL: |  1  2  3  4  5  6  7  8  9 10 11 |
---------------+----------------------------------+-----
Invocations    | 1 2 3 4 5 6 7 |  7.2
Short Blades   | 1 2 3 4 5 6 |  6.5
Long Blades    | 1 2 3 4 5 6 |  6.5
Axes           | 1 2 3 4 5 6 |  6.5
Maces & Flails | 1 2 3 4 5 6 |  6.5
Staves         | 1 2 3 4 5 6 |  6.5
Slings         | 1 2 3 4 5 6 |  6.5
Bows           | 1 2 3 4 5 6 |  6.5
Crossbows      | 1 2 3 4 5 6 |  6.5
Throwing       | 1 2 3 4 5 6 |  6.5
Dodging        | 1 2 3 4 5 6 |  6.5
Stealth        | 1 2 3 4 5 6 |  6.5
Unarmed Combat | 1 2 3 4 5 6 |  6.5
Spellcasting   | 1 2 3 4 5 6 |  6.5
Conjurations   | 1 2 3 4 5 |  5.4
Hexes          | 1 2 3 4 5 |  5.4
Charms         | 1 2 3 4 5 |  5.4
Summonings     | 1 2 3 4 5 |  5.4
Necromancy     | 1 2 3 4 5 |  5.4
Translocations | 1 2 3 4 5 |  5.4
Transmutations | 1 2 3 4 5 |  5.4
Fire Magic     | 1 2 3 4 5 |  5.4
Ice Magic      | 1 2 3 4 5 |  5.4
Air Magic      | 1 2 3 4 5 |  5.4
Earth Magic    | 1 2 3 4 5 |  5.4
Poison Magic   | 1 2 3 4 5 |  5.4
Evocations     | 1 2 3 4 5 6 |  6.5
Polearms       | 5 6 7 8 |  8.1
Fighting       | 7 8 9 |  9.3
Armour         | 7 8 9 |  9.3
Shields        | 7 8 9 |  9.3

Action                   |  1- 3 |  4- 6 |  7- 9 | 10-12 || total
-------------------------+-------+-------+-------+-------++-------
Melee: Trident           |    73 |    14 |   281 |   171 ||   539
       Bite              |     8 |    18 |    27 |    34 ||    87
       War axe           |    16 |   165 |       |       ||   181
       Bardiche          |       |       |       |   150 ||   150
Evoke: Phial of floods   |       |       |       |     1 ||     1
  Use: Scroll            |     4 |       |     5 |     8 ||    17
       Potion            |       |     3 |       |    14 ||    17
  Eat: Ration            |       |     2 |     2 |     6 ||    10
       Chunk             |       |     1 |     1 |       ||     2
Armor: Scale mail        |    19 |    69 |    38 |       ||   126
       Plate armour      |       |       |    35 |   190 ||   225
Dodge: Dodged            |    17 |    66 |    64 |   130 ||   277
Block: Shield            |    37 |   140 |   116 |    90 ||   383
